 Dungeon Crawl Stone Soup version 0.30.0 (webtiles) character file.

Game seed: 11848611052684607856

157 Jarnaxa the Slasher (level 5, -3/41 HPs)
             Began as a Demonspawn Gladiator on May 6, 2023.
             Slain by Eustachio
             ... wielding a +0 falchion
              (4 damage)
             ... on level 4 of the Dungeon.
             The game lasted 00:09:32 (2720 turns).

Jarnaxa the Slasher (Demonspawn Gladiator)          Turns: 2720, Time: 00:09:32

Health: -3/41      AC:  9    Str: 16    XL:     5   Next: 15%
Magic:  5/5        EV:  9    Int:  9    God:
Gold:   207        SH:  4    Dex: 15    Spells: 4/4 levels left

rFire   . . .        a - +0 long sword
rCold   . . .        (no shield)
rNeg    . . .        i - +0 chain mail
rPois   .            p - +1 hat
rElec   .            (no cloak)
rCorr   .            (no gloves)
SInv    .            (no boots)
Will    .....        (no amulet) Stlth
                     (no ring)
HPRegen 0.26/turn    (no ring)
MPRegen 0.09/turn

%: no passive effects
@: hasted, very quick
A: claws 1, sturdy frame 1, condensation shield
a: no special abilities


You were on level 4 of the Dungeon.
You visited 1 branch of the dungeon, and saw 4 of its levels.

You collected 207 gold pieces.

Inventory:

Hand Weapons
 a - a +0 long sword (weapon)
Missiles
 d - 3 throwing nets (quivered)
 e - a javelin
Armour
 i - a +0 chain mail (worn)
 p - a +1 hat (worn)
Wands
 b - a wand of mindburst (10)
Scrolls
 f - a scroll of brand weapon {unknown}
 h - a scroll of poison {unknown}
 k - a scroll of enchant weapon {unknown}
 l - 2 scrolls of noise {unknown}
 m - a scroll of fog {unknown}
 o - a scroll of teleportation {unknown}
 q - a scroll of summoning {unknown}
 s - a scroll of blinking {unknown}
Potions
 c - 3 potions of mutation
 j - a potion of ambrosia {unknown}
 n - a potion of curing
 r - a potion of attraction


   Skills:
 + Level 3.0 Fighting
 + Level 4.1 Long Blades
 - Level 1.7 Throwing
 + Level 1.6 Armour
 + Level 3.2 Dodging
 + Level 0.3 Shields


You had 4 spell levels left.
You didn't know any spells.
Your spell library was empty.

Dungeon Overview and Level Annotations

Branches:
Dungeon (4/15)
 Temple: D:4-7

Altars:
Ru
Trog

Annotations:
D:4 Eustachio


Innate Abilities, Weirdness & Mutations

You have sharp fingernails.
Your movements are slightly less encumbered by armour. (ER -2)
A meltable shield of frost defends you. (SH +4)


Message History

The bat hits you but does no damage. The shadow imp hits you.
Eustachio calls on the powers of shadow!
Eustachio hits you with a +0 falchion.
* * * LOW HITPOINT WARNING * * *
The ufetubus barely misses you. You block the ufetubus's attack.
You hit Eustachio but do no damage.
Eustachio is heavily wounded.
You block the bat's attack.
The ufetubus hits you but does no damage.
The ufetubus hits you.
* * * LOW HITPOINT WARNING * * *
The quokka completely misses you. The quokka barely misses you.
The shadow imp closely misses you.
Eustachio gestures wildly while chanting.
You hit Eustachio.
Eustachio is heavily wounded.
The quokka disappears in a puff of smoke!
The bat misses you. The ufetubus hits you.
* * * LOW HITPOINT WARNING * * *
The ufetubus hits you but does no damage.
The quokka bites you but does no damage.
The shadow imp barely misses you. The quokka barely misses you.
Eustachio hits you with a +0 falchion.
* * * LOW HITPOINT WARNING * * *
The ufetubus hits you but does no damage.
The ufetubus barely misses you.
You barely miss Eustachio.
Eustachio is heavily wounded.
The quokka bites you but does no damage.
The ufetubus barely misses you. The ufetubus hits you.
* * * LOW HITPOINT WARNING * * *
You closely miss Eustachio.
Eustachio is heavily wounded.
The shadow imp disappears in a puff of smoke!
The bat barely misses you. x2
The quokka twitches its whiskers.
The quokka bites you.
* * * LOW HITPOINT WARNING * * *
Eustachio hits you with a +0 falchion.
You die...

...............#bbl.~###...
#...#..........#####.~###.#
. #..............#~.# #.#
##.............#~.# #..
#.............#.~# ##.
####.......######~~# #
........r....#~..~~##
...#...r@b...##.~~##
#.?....r@.>..######
#.#...§55.......
#.....§...#..#
#...#........##.#
...........#.# ..#
........####..# .#
........# #... #.#..#### ..
####.


You could see Eustachio, an iron imp (summoned), an ufetubus (summoned), 3
quokkas and a bat (summoned).

Vanquished Creatures
  2 orc wizards (D:3)
  3 adders (D:2)
  2 worms
  A dart slug (D:1)
  3 orcs (D:3)
  8 ball pythons
  7 bats
  8 endoplasms
  4 giant cockroaches
  2 goblins
  3 hobgoblins
  6 jackals
  3 kobolds
  4 quokkas
  5 frilled lizards
  6 rats
67 creatures vanquished.

Vanquished Creatures (others)
  23 fungi (D:4)
  A plant (D:1)
24 creatures vanquished.

Grand Total: 91 creatures vanquished

Notes
Turn   | Place    | Note
-------+----------+-------------------------------------------
     0 | D:1      | Jarnaxa the Demonspawn Gladiator began the quest for the
                  | Orb.
     0 | D:1      | Reached XP level 1. HP: 16/16 MP: 1/1
   112 | D:1      | Reached skill level 3 in Long Blades
   133 | D:1      | Gained mutation: A meltable shield of frost defends you.
                  | (SH +4) [demonic ancestry]
   133 | D:1      | Reached XP level 2. HP: 22/22 MP: 2/2
   502 | D:1      | Found a faded altar of an unknown god.
   559 | D:1      | Prayed at the altar of an unknown god.
   559 | D:1      | Became a worshipper of Ru the Awakened
   812 | D:2      | Gained mutation: Your movements are slightly less
                  | encumbered by armour. (ER -2) [demonic ancestry]
   812 | D:2      | Reached XP level 3. HP: 17/28 MP: 3/3
  1225 | D:2      | Reached XP level 4. HP: 29/34 MP: 4/4
  1255 | D:2      | Reached skill level 1 in Armour
  1647 | D:3      | Fell from the grace of Ru
  1828 | D:3      | Reached skill level 4 in Long Blades
  1828 | D:3      | Gained mutation: You have sharp fingernails. [demonic
                  | ancestry]
  1828 | D:3      | Reached XP level 5. HP: 6/40 MP: 5/5
  2053 | D:3      | Identified the +1 ring mail of Vanity {rC+ rCorr Int+3
                  | Dex+3}
  2106 | D:3      | Found a bloodstained altar of Trog.
  2693 | D:4      | Noticed Eustachio
  2719 | D:4      | HP: 2/41 [ufetubus[Eustachio] (1)]
  2720 | D:4      | Slain by Eustachio

Illustrated notes

Levels and vault maps discovered:
D:1:      dpeg_arrival_orchard, layout_loops_ring,
          shapermc_ecumenical_altar_mp_urbaneastern
D:2:      layout_loops_ring, roderic_roman_lattice, chequers_serial_rivers_marsh
D:3:      layout_loops_ring, mainiacjoe_overflow_paths
D:4:      layout_rooms, nicolae_qazlal_scattered_showers, serial_aquarium,
          aquarium_bridge_square [aquarium_subvault_bridge,
          aquarium_subvault_window, aquarium_subvault_bridge,
          aquarium_subvault_window], aquarium_window_1, aquarium_window_corner,
          aquarium_window_corridor_1, aquarium_window_2, aquarium_view_2g,
          aquarium_view_2b, aquarium_balcony_double_4, minmay_misc_feat_rows,
          uniq_eustachio, uniq_ijyb

Skill      XL: |  1  2  3  4  5 |
---------------+----------------+-----
Long Blades    | 3 4 |  4.1
Dodging        | 3 |  3.2
Armour         | 1 |  1.6
Fighting       | 3 |  3.0
Throwing       | |  1.7
Shields        | |  0.3

Action                     |  1- 3 |  4- 6 || total
---------------------------+-------+-------++-------
  Melee: Long sword        |   124 |   101 ||   225
 Invoke: Renounce Religion |       |     1 ||     1
    Use: Scroll            |       |     4 ||     4
         Potion            |       |     3 ||     3
 Armour: Chain mail        |    82 |    75 ||   157
         Leather armour    |     2 |       ||     2
  Dodge: Dodged            |    67 |    82 ||   149
  Block: Other             |    14 |    24 ||    38
